 Dungeon Crawl Stone Soup version 0.19-a0-231-gae044c8 (webtiles) character file.

15 Delvonshi the Gusty (level 2, -8/15 HPs)
             Began as a Tengu Air Elementalist on May 24, 2016.
             Mangled by a gnoll
             ... wielding a +0 club
              (9 damage)
             ... on level 1 of the Dungeon.
             The game lasted 00:03:42 (1221 turns).

Delvonshi the Gusty (Tengu Air Elementalist)        Turns: 1221, Time: 00:03:44

Health: -8/15      AC:  2    Str:  8    XL:     2   Next: 50%
Magic:  1/6        EV: 12    Int: 15    God:
Gold:   61         SH:  0    Dex: 14    Spells: 1 memorised, 4 levels left

rFire  . . .     SeeInvis .     (no weapon)
rCold  . . .     Gourm    .     a - +0 robe
rNeg   . . .     Faith    .     (no shield)
rPois  .         Spirit   .     (helmet restricted)
rElec  .         Dismiss  .     (no cloak)
rCorr  .         Reflect  .     (no gloves)
SustAt .         Harm     .     (boots unavailable)
MR     .....                    (no amulet)
Stlth  ++........               (no ring)
                                (no ring)

@: very slightly contaminated, not resistant to hostile enchantments, unstealthy
A: beak, talons 3
a: no special abilities


You were on level 1 of the Dungeon.
You were very hungry.

You visited 1 branch of the dungeon, and saw 1 of its levels.

You collected 61 gold pieces.

Inventory:

Hand Weapons
 d - a +0 spear
 e - a cursed +0 dagger
Missiles
 m - 16 sling bullets
Armour
 a - a +0 robe (worn)
Scrolls
 f - a scroll of identify {unknown}
 g - a scroll of remove curse {unknown}
Potions
 h - a potion of flight {unknown}
 i - a potion of ambrosia {unknown}
 l - a potion of degeneration {unknown}
Books
 b - a book of Air

   Spells                             Type                      Level
   a - Shock                          Conjuration/Air              1
   b - Swiftness                      Charms/Air                   2
   c - Repel Missiles                 Charms/Air                   2
   d - Static Discharge               Conjuration/Air              3
   e - Lightning Bolt                 Conjuration/Air              5
Comestibles
 c - a bread ration
 j - a meat ration
 k - a royal jelly


   Skills:
 + Level 2.3 Dodging
 - Level 2.0 Stealth
 - Level 2.0 Spellcasting
 * Level 2.2 Conjurations
 * Level 4.5 Air Magic


You had 4 spell levels left.
You knew the following spells:

 Your Spells              Type           Power        Failure   Level  Hunger
a - Shock                 Conj/Air       ##..         8%          1    #......


Dungeon Overview and Level Annotations

Branches:
Dungeon (1/15)

Altars:


Innate Abilities, Weirdness & Mutations

You have a beak for a mouth.
You have claws for feet.


Message History

Casting: Shock
Confirm with . or Enter, or press ? or * to list all spells.
Aiming: Shock
Press: ? - help, Shift-Dir - straight line, f/p - gnoll
Aim: a gnoll, wielding a club (moderately wounded)
You miscast Shock.
Sparks fly from your hands! The gnoll hits you with a club!
Ouch! That really hurt!
* * * LOW HITPOINT WARNING * * *
Casting: Shock
Confirm with . or Enter, or press ? or * to list all spells.
Aiming: Shock
Press: ? - help, Shift-Dir - straight line, f/p - gnoll
Aim: a gnoll, wielding a club (moderately wounded)
The zap hits the gnoll.
The gnoll appears unharmed.
The gnoll is moderately wounded.
The zap hits the gnoll.
The gnoll is severely wounded.
The gnoll hits you with a club!
Ouch! That really hurt!
You die...

...# #......[..##...............
...####.........##....%..#.####..
................##.......#.#.....
......#.........##.......#.#.##..
......#....##########.##.#.#.....
.................................
.#....#.########.#######.#.......
.#.#.##.# #g# #.#####...
.#.#.##.# #@#######.#.......
##.#....# #...........[.....
.).#.##.# ##################
#################################
................#......##...##.#<
........#....#....#...#..##.###..
#........#.#.#...#..#..#.#..#..##
##.......#.......##..#..##.####..
##........#...#..#...#..#.#...##.


You could see a gnoll.

Vanquished Creatures
  A dart slug (D:1)
  A giant gecko (D:1)
  A bat (D:1)
  2 goblins (D:1)
  2 hobgoblins (D:1)
  2 kobolds (D:1)
  3 rats (D:1)
12 creatures vanquished.

Notes
Turn   | Place    | Note
--------------------------------------------------------------
     0 | D:1      | Delvonshi the Tengu Air Elementalist began the quest for the Orb.
     0 | D:1      | Reached XP level 1. HP: 10/10 MP: 4/4
   347 | D:1      | Reached XP level 2. HP: 15/15 MP: 3/6
  1221 | D:1      | Mangled by a gnoll

Vault maps used:
D:1:      erik_arrival_cave_to_civilisation

Skill      XL: |  1 |
---------------+----+-----
Conjurations   | 2 |  2.2
Dodging        | |  2.3
Stealth        | |  2.0
Spellcasting   | |  2.0
Air Magic      | |  4.5

Action                   || total
-------------------------++-------
 Cast: Shock             ||    27
Dodge: Dodged            ||     3
